 Dungeon Crawl Stone Soup version 0.18.1-48-g4cf74bf (webtiles) character file.

798 MistressOfTheDunes the Skirmisher (level 7, -1/60 HPs)
             Began as a Mummy Monk on June 26, 2016.
             Slain by an ufetubus (3 damage)
             ... summoned by Eustachio
             ... on level 4 of the Dungeon.
             The game lasted 00:09:10 (13215 turns).

MistressOfTheDunes the Skirmisher (Mummy Monk)     Turns: 13215, Time: 00:09:11

Health: -1/60      AC:  3    Str: 15    XL:     7   Next: 58%
Magic:  7/7        EV:  9    Int:  9    God:
Gold:   164        SH:  0    Dex: 16    Spells: 0 memorised, 6 levels left

rFire  x . .     SeeInvis .       - Unarmed
rCold  + . .     Gourm    .     (no armour)
rNeg   + + +     Faith    .     (no shield)
rPois  ∞         Spirit   .     k - +0 helmet
rElec  .         Dismiss  .     i - +0 cloak
rCorr  .         Reflect  .     (no gloves)
SustAt +         Harm     .     b - +0 pair of boots
MR     .....                    (no amulet)
Stlth  ++........               m - ring of sustain attributes
                                (no ring)

@: not resistant to hostile enchantments, unstealthy
A: no food or potions, fire vulnerability, cold resistance 1, negative energy
resistance 3, torment resistance, unbreathing
a: no special abilities


You were on level 4 of the Dungeon.
You were not hungry.

You visited 1 branch of the dungeon, and saw 5 of its levels.

You collected 164 gold pieces.


Innate Abilities, Weirdness & Mutations

You do not eat or drink.
Your flesh is vulnerable to fire.
You are immune to poison.
Your flesh is cold resistant.
You are immune to negative energy.
You are immune to unholy pain and torment.
You can survive without breathing.


   Skills:
 - Level 7.1 Fighting
 + Level 3.6 Dodging
 - Level 1.5 Stealth
 - Level 5.0 Unarmed Combat


You had 6 spell levels left.
You didn't know any spells.

Inventory:

Armour
 b - a +0 pair of boots (worn)
 i - a +0 cloak (worn)
 k - a +0 helmet (worn)
Jewellery
 m - a ring of sustain attributes (right hand)
Scrolls
 a - a scroll of immolation {unknown}
 c - 5 scrolls of remove curse
 d - 2 scrolls of teleportation {@r4}
 e - a scroll of fear {unknown}
 f - 2 scrolls of magic mapping
 g - 2 scrolls of amnesia (quivered)
 h - 2 scrolls of recharging
 j - 5 scrolls of identify {@r1}
 l - a scroll of noise {unknown}

Dungeon Overview and Level Annotations

Branches:
Dungeon (5/15)
 Temple: D:4-7

Altars:

Annotations:
D:2 One eyed free xp
D:4 Eustachio
D:5 exclusion: orc warrior

▒▒▒▒▒▒▒▒▒...▒
▒.......▒.▒▒▒▒▒▒▒
▒.▒▒▒▒▒.▒.▒......
▒▒▒▒▒▒.▒...▒.▒.▒.▒▒▒▒▒
▒..@...▒.▒.▒.....▒▒...
▒........▒.....▒▒▒▒.▒▒
▒......▒▒▒▒▒▒▒▒▒ ▒.▒
▒▒▒▒....55▒▒▒▒▒▒▒▒▒▒▒▒.▒▒
▒.......M#...............
▒.......5.▒▒▒▒▒▒▒▒▒▒▒▒.▒.
▒.........▒▒▒▒▒▒ ▒▒▒▒▒.▒.
▒.....▒▒.......▒▒▒.....^.
▒.....▒▒.........'.......
▒.....▒▒.....▒.▒▒▒....▒..
▒.....▒▒.▒▒▒...▒ ▒....▒.▒
▒.....▒▒.▒▒▒▒▒▒▒▒▒▒▒▒▒▒.▒
▒▒▒▒▒▒▒▒..........▒▒ ▒.▒


You could see Eustachio, an iron imp and 2 ufetubi.


Message History

* * * don't die
* * * The ufetubus hits you! * * * don't die
* * * The ufetubus misses you!
The ufetubus hits you! * * * don't die
* * * The ufetubus barely misses you!
You closely miss Eustachio!
Eustachio is heavily wounded!
The ufetubus barely misses you! The ufetubus closely misses you!
The iron imp barely misses you!
Eustachio hits you with a rapier! * * * don't die
* * * The ufetubus hits you! * * * don't die
* * * The ufetubus misses you!
You squash Eustachio like an ant!
Eustachio is heavily wounded!
The ufetubus barely misses you! The ufetubus hits you! * * * don't die
* * * The ufetubus hits you! * * * don't die
* * * The ufetubus hits you but does no damage!
Eustachio casts a spell!
Eustachio blinks!!!
The iron imp closely misses you! The ufetubus closely misses you!
The ufetubus barely misses you! The ufetubus misses you!
The ufetubus hits you! * * * don't die
* * * The ufetubus hits you! * * * don't die
* * * The ufetubus hits you! rip

Action                   |  1- 3 |  4- 6 |  7- 9 || total
-------------------------+-------+-------+-------++-------
Melee: Unarmed           |   156 |   179 |   104 ||   439
       Punch             |     2 |     8 |     1 ||    11
  Use: Scroll            |       |     4 |     1 ||     5
 Stab: Sleeping          |     7 |     1 |     3 ||    11
       Distracted        |     1 |     1 |       ||     2
Armor: Skin              |    25 |    12 |    15 ||    52
Dodge: Dodged            |    98 |    72 |   102 ||   272

Vault maps used:
D:1:      lightli_arrival_chessboard, kennysheep_doodads
D:4:      kennysheep_dice
D:5:      lemuel_crystal_altar, first_bread, sword_in_stone

Notes
Turn   | Place    | Note
--------------------------------------------------------------
     0 | D:1      | MistressOfTheDunes the Mummy Monk began the quest for the Orb.
     0 | D:1      | Reached XP level 1. HP: 18/18 MP: 1/1
   346 | D:1      | Reached XP level 2. HP: 24/24 MP: 2/2
   614 | D:1      | Reached skill level 4 in Unarmed Combat
   833 | D:1      | Reached XP level 3. HP: 27/29 MP: 3/3
  1960 | D:2      | Reached XP level 4. HP: 35/35 MP: 4/4
  2495 | D:3      | Reached skill level 5 in Unarmed Combat
  3089 | D:3      | Reached XP level 5. HP: 33/41 MP: 5/5
  3239 | D:3      | Reached skill level 4 in Fighting
  9996 | D:1      | Noticed a centaur zombie
 10920 | D:1      | Noticed a cyclops
 11150 | D:1      | Killed a centaur zombie
 11150 | D:1      | Reached skill level 6 in Fighting
 11150 | D:1      | Reached XP level 6. HP: 42/53 MP: 6/6
 11150 | D:1      | Reached XP level 7. HP: 46/59 MP: 7/7
 11479 | D:1      | Reached skill level 7 in Fighting
 12113 | D:1      | Noticed a wolf spider
 12436 | D:4      | Reached skill level 3 in Dodging
 12961 | D:5      | Entered Level 5 of the Dungeon
 13039 | D:5      | Noticed Eustachio
 13214 | D:4      | HP: 5/60 [ufetubus[Eustachio] (4)]
 13215 | D:4      | HP: 2/60 [ufetubus[Eustachio] (3)]
 13215 | D:4      | Slain by an ufetubus

Vanquished Creatures
  A centaur zombie (D:1)
  An ogre (D:4)
  A giant frog (D:1)
  A howler monkey (D:4)
  2 orc wizards (D:3)
  A worker ant (D:4)
  2 sheep (D:1)
  A howler monkey skeleton (D:4)
  3 adders
  4 worms
  4 dart slugs
  2 giant geckos
  10 orcs
  A ball python (D:3)
  12 bats
  4 giant cockroaches
  13 goblins
  9 hobgoblins
  2 jackals (D:1)
  3 quokkas
  5 giant newts
  A jackal zombie (D:3)
  8 kobolds
  13 rats
104 creatures vanquished.
